 Dungeon Crawl Stone Soup version 0.22-a0-265-g0d8bc90 (webtiles) character file.

16727 varam the Grappler (level 12, -8/119 HPs)
             Began as a Troll Hunter on Mar 6, 2018.
             Was a High Priest of Okawaru.
             Mangled by a slime creature (18 damage)
             ... on level 12 of the Dungeon.
             The game lasted 00:30:55 (9643 turns).

varam the Grappler (Troll Hunter)                   Turns: 9643, Time: 00:30:55

Health: -8/119     AC:  7    Str: 24    XL:     12   Next: 12%
Magic:  11/13      EV: 15    Int: 13    God:    Okawaru [*****.]
Gold:   486        SH:  0    Dex: 10    Spells: 11/11 levels left

rFire    + . .     SeeInvis .     - Unarmed
rCold    + . .     Gourm    +   (no shield)
rNeg     . . .     Faith    .   p - +0 robe {rC+}
rPois    +         Spirit   .   I - +2 hat "Zati" {Int+3}
rElec    .         Reflect  .   (no cloak)
rCorr    .         Harm     .   (gloves unavailable)
MR       .....                  (boots unavailable)
Stlth    +++.......             (no amulet)
HPRegen  0.69/turn              h - ring of poison resistance
MPRegen  0.13/turn              K - ring of protection from fire

@: heroism
A: large, unfitting armour, claws 3, fast metabolism 3, gourmand, regeneration
1, shaggy fur 1, tough skin 2
a: Heroism, Finesse, Renounce Religion


You were on level 12 of the Dungeon.
You worshipped Okawaru.
Okawaru was extremely pleased with you.
You were full.

You visited 1 branch of the dungeon, and saw 12 of its levels.

You collected 669 gold pieces.
You spent 183 gold pieces at shops.

Inventory:

Missiles
 c - 12 large rocks (quivered)
 d - 2 throwing nets
 G - 5 javelins of returning
Armour
 b - a +0 robe
 p - a +0 robe of cold resistance (worn)
 D - a +0 troll leather armour
 I - the +2 hat "Zati" (worn) {Int+3}
   (Okawaru gifted it to you on level 11 of the Dungeon)

   It affects your intelligence (+3).
Magical Staves
 a - an uncursed staff of wizardry
Jewellery
 h - a ring of poison resistance (left claw)
 K - a ring of protection from fire (right claw)
 L - a +2 ring of slaying {unknown}
Wands
 q - a wand of random effects (68)
 x - a wand of enslavement (8)
Scrolls
 g - 5 scrolls of enchant armour
 j - 13 scrolls of remove curse
 k - 3 scrolls of random uselessness {unknown}
 m - 4 scrolls of amnesia
 o - 4 scrolls of teleportation
 r - a scroll of noise
 t - 3 scrolls of blinking {unknown}
 u - a scroll of enchant weapon
 v - a scroll of magic mapping
 w - 4 scrolls of immolation
 y - 3 scrolls of fog
 F - 2 scrolls of fear
 J - a scroll of identify
Potions
 e - 6 potions of curing
 i - a potion of resistance
 l - 3 potions of berserk rage
 n - a potion of magic
 s - 2 potions of heal wounds
 z - 2 potions of flight
 A - a potion of mutation
 B - a potion of agility
 C - a potion of haste {unknown}
 E - 2 potions of invisibility {unknown}
 H - a potion of lignification {unknown}
Comestibles
 f - 29 rations


   Skills:
 + Level 7.7(12.7) Fighting
 + Level 9.1(14.1) Throwing
 + Level 5.1(10.1) Armour
 + Level 7.8(12.8) Dodging
 - Level 0.3(5.3) Stealth
 + Level 10.1(15.1) Unarmed Combat
 + Level 3.4 Invocations


You had 11 spell levels left.
You didn't know any spells.

Dungeon Overview and Level Annotations

Branches:
Dungeon (12/15)            Temple (0/1) D:5            Lair (0/6) D:8
    Orc (0/2) D:9

Altars:
Fedhas
Okawaru
Uskayaw
Zin

Shops:
D:6 :   D:11 *%(   D:12 *


Innate Abilities, Weirdness & Mutations

You are too large for most types of armour.
You have claws for hands.
Your metabolism is lightning-fast.
You like to eat raw meat.
Your natural rate of healing is unusually fast.
You are covered in fur. (AC +1)
You have very tough skin. (AC +2)


Message History

The slime creature barely misses you. The slime creature hits you!!
You mangle the slime creature!!
The slime creature is moderately wounded.
The slime creature closely misses you.
You barely miss the slime creature. You claw the slime creature.
The slime creature is moderately wounded.
The slime creature barely misses you. x2
You mangle the slime creature!!
The slime creature is severely wounded.
The slime creature hits you but does no damage.
You scratch the slime creature.
The slime creature is severely wounded.
The slime creature hits you!
* * * LOW HITPOINT WARNING * * *
The slime creature hits you!
* * * LOW HITPOINT WARNING * * *
You claw the slime creature!
The slime creature is almost dead.
The slime creature hits you!!
You die...

.# #..# .# #..# #..#
#......... .# #..# #..#
#......... .# #..# #..#
#......... .# #..# #..#
#......... .# #..# #..#
#<........ .# #..# #..#
#......... #..# #..#
#..J.....# #..###..#
#.@J......
.####.......###.........
..........†..†.......###
###############.........
#......... #.#..#####
#...... #.......
#.|#####


You could see 2 slime creatures.

Vanquished Creatures
  The ghost of Autsider the Archer, a journeyman CeHu of Okawaru (D:10)
  2 hydras (D:12)
  3 two-headed ogres
  An unseen horror (D:10)
  A cyclops (D:11)
  A centaur zombie (D:11)
  A gargoyle (D:12)
  A queen bee (D:10)
  A troll (D:9)
  2 hornets
  2 slime creatures (D:12)
  4 hippogriffs
  2 wyverns (D:9)
  A wraith (D:10)
  11 yaks
  3 hungry ghosts
  Edmund (D:5)
  2 wargs (D:9)
  4 orc warriors
  A phantom (D:7)
  4 ice beasts
  6 sky beasts
  5 ogres
  A black bear (D:7)
  2 centaurs
  4 big kobolds
  A wyvern zombie (D:11)
  A gnoll sergeant (D:9)
  3 bullfrogs
  4 scorpions
  21 killer bees
  17 wights
  A howler monkey (D:10)
  2 bullfrog zombies
  5 crimson imps
  4 hounds
  A centaur skeleton (D:2)
  6 orc priests
  A jelly (D:6)
  4 bullfrog skeletons
  Jessica (D:2)
  Natasha (D:2)
  5 iguanas
  Ijyb (D:4)
  8 orc wizards
  9 worker ants
  2 hound zombies
  2 hound skeletons
  2 howler monkey zombies
  22 gnolls
  11 adders
  3 shadow imps
  An adder zombie (D:7)
  6 worms
  9 leopard geckos
  38 orcs
  2 ball pythons
  7 giant cockroaches
  6 goblins
  6 hobgoblins
  16 jackals
  20 kobolds
  13 bats
  6 frilled lizards
  A jackal skeleton (D:8)
  A quokka skeleton (D:6)
  13 rats
350 creatures vanquished.

Vanquished Creatures (collateral kills)
  A bullfrog (D:10)
1 creature vanquished.

Vanquished Creatures (others)
  An orc wizard (D:6)
1 creature vanquished.

Grand Total: 352 creatures vanquished

Notes
Turn   | Place    | Note
-------+----------+-------------------------------------------
     0 | D:1      | varam the Troll Hunter began the quest for the Orb.
     0 | D:1      | Reached XP level 1. HP: 19/19 MP: 0/0
    74 | D:1      | Reached skill level 1 in Unarmed Combat
   159 | D:1      | Reached XP level 2. HP: 27/27 MP: 1/1
   220 | D:1      | Reached skill level 2 in Unarmed Combat
   664 | D:2      | Reached XP level 3. HP: 31/33 MP: 2/2
   829 | D:2      | Reached skill level 3 in Unarmed Combat
   873 | D:2      | Noticed Jessica
   892 | D:2      | Killed Jessica
   892 | D:2      | Reached skill level 4 in Unarmed Combat
   892 | D:2      | Reached XP level 4. HP: 12/41 MP: 3/3
  1059 | D:2      | Reached XP level 5. HP: 48/48 MP: 4/4
  1528 | D:2      | Reached skill level 5 in Unarmed Combat
  1674 | D:3      | Noticed Natasha
  1709 | D:2      | Killed Natasha
  1830 | D:3      | Found an iron altar of Okawaru.
  1838 | D:3      | Became a worshipper of Warmaster Okawaru
  1913 | D:3      | Reached XP level 6. HP: 42/55 MP: 5/5
  1962 | D:3      | Reached skill level 6 in Unarmed Combat
  2375 | D:5      | Entered Level 5 of the Dungeon
  2477 | D:4      | Reached * piety under Okawaru
  2477 | D:4      | Reached skill level 7 in Unarmed Combat
  2648 | D:4      | Noticed Ijyb
  2654 | D:4      | Killed Ijyb
  2654 | D:4      | Reached XP level 7. HP: 58/62 MP: 6/6
  3163 | D:5      | Found a staircase to the Ecumenical Temple.
  3225 | D:5      | Reached skill level 8 in Unarmed Combat
  3360 | D:5      | Noticed Edmund
  3382 | D:5      | Killed Edmund
  3382 | D:5      | Reached skill level 2 in Fighting
  3382 | D:5      | Reached skill level 4 in Throwing
  3382 | D:5      | Reached skill level 2 in Dodging
  3695 | D:5      | Reached ** piety under Okawaru
  3890 | D:6      | Reached XP level 8. HP: 74/74 MP: 7/7
  3999 | D:6      | Found a hide-covered altar of Uskayaw.
  4059 | D:6      | Reached skill level 3 in Fighting
  4059 | D:6      | Reached skill level 3 in Dodging
  4080 | D:6      | Reached skill level 5 in Throwing
  4219 | D:6      | Found Jikhoury's Book Shop.
  4637 | D:7      | Reached *** piety under Okawaru
  4637 | D:7      | Reached skill level 4 in Fighting
  4637 | D:7      | Reached skill level 4 in Dodging
  4771 | D:7      | Found Zin's Purification Station.
  4774 | D:7      | Found a glowing silver altar of Zin.
  4777 | D:7      | Bought a potion of curing for 90 gold pieces
  4875 | D:7      | Reached XP level 9. HP: 61/85 MP: 8/8
  5164 | D:7      | Reached skill level 6 in Throwing
  5338 | D:8      | Reached skill level 5 in Fighting
  5371 | D:8      | Reached skill level 5 in Dodging
  5508 | D:8      | Found a blossoming altar of Fedhas.
  5712 | D:8      | Reached **** piety under Okawaru
  5904 | D:8      | Found a staircase to the Lair.
  6213 | D:8      | Reached skill level 7 in Throwing
  6397 | D:8      | HP: 7/89 [something (3)]
  6525 | D:9      | Reached skill level 1 in Armour
  6527 | D:9      | Reached XP level 10. HP: 82/98 MP: 9/9
  6652 | D:9      | Reached skill level 6 in Fighting
  6697 | D:9      | Reached skill level 6 in Dodging
  6810 | D:9      | Reached skill level 2 in Armour
  7082 | D:9      | Reached ***** piety under Okawaru
  7228 | D:9      | Noticed a two-headed ogre
  7237 | D:9      | Killed a two-headed ogre
  7237 | D:9      | Reached skill level 3 in Armour
  7237 | D:9      | Reached skill level 9 in Unarmed Combat
  7280 | D:9      | Found a staircase to the Orcish Mines.
  7297 | D:9      | Reached skill level 8 in Throwing
  7539 | D:10     | Entered Level 10 of the Dungeon
  7539 | D:10     | Noticed a two-headed ogre
  7544 | D:10     | Received a gift from Okawaru
  7577 | D:10     | Killed a two-headed ogre
  7577 | D:10     | Reached XP level 11. HP: 85/107 MP: 7/10
  7597 | D:10     | Noticed Autsider's ghost (journeyman CeHu)
  7621 | D:10     | Killed Autsider's ghost
  7621 | D:10     | Received a gift from Okawaru
  7652 | D:10     | Reached skill level 7 in Fighting
  7732 | D:10     | Reached skill level 7 in Dodging
  7965 | D:10     | Reached skill level 4 in Armour
  7965 | D:10     | Reached skill level 1 in Invocations
  8323 | D:10     | Killed an unseen horror
  8554 | D:11     | Reached skill level 2 in Invocations
  8559 | D:11     | Received a gift from Okawaru
  8566 | D:11     | Got a heavily runed hat {god gift}
  8572 | D:11     | Identified the +2 hat "Zati" {Int+3} (Okawaru gifted it to you on level 11 of the Dungeon)
  8759 | D:11     | Found Joufen's Assorted Antiques.
  8765 | D:11     | Bought a scroll labeled CAPLINWOYTIS for 31 gold pieces
  8765 | D:11     | Bought a scroll of identify for 62 gold pieces
  8952 | D:11     | Found Karph's Food Boutique.
  9087 | D:11     | Found Hoddaf's Antique Weapon Emporium.
  9396 | D:12     | Noticed a seven-headed hydra
  9403 | D:12     | Noticed a two-headed ogre
  9405 | D:12     | Killed a seven-headed hydra
  9405 | D:12     | Reached skill level 10 in Unarmed Combat
  9411 | D:12     | Killed a two-headed ogre
  9411 | D:12     | Reached skill level 9 in Throwing
  9411 | D:12     | Reached skill level 3 in Invocations
  9427 | D:12     | Found Towuolan's Assorted Antiques.
  9477 | D:12     | Reached skill level 5 in Armour
  9477 | D:12     | Reached XP level 12. HP: 109/118 MP: 13/13
  9607 | D:12     | Noticed an eight-headed hydra
  9614 | D:12     | Killed an eight-headed hydra
  9642 | D:12     | HP: 10/119 [slime creature (14)]
  9643 | D:12     | Mangled by a slime creature

Vault maps used:
D:1:      dpeg_arrival_connections
D:2:      uniq_jessica
D:3:      nicolae_overflow_crystal_walls, first_ration, uniq_natasha
D:4:      uniq_ijyb
D:5:      temple_pool_b, uniq_edmund
D:6:      eat_drink_and_be_merry_uskayaw, serial_shops, shop, serial_glass,
          glass_columns_a, glass_columns_c, kennysheep_small_circle
D:7:      cheibrodos_quashed, zin_purify
D:8:      fedhas_altar_1, lair_entry_dummy
D:9:      david_orc_1_choice
D:10:     david_nohive_1
D:11:     serial_shops, shop, shop, shop
D:12:     serial_shops, shop, palyth_stone_intersect,
          hangedman_abyss_or_decor_stagger

Skill      XL: |  1  2  3  4  5  6  7  8  9 10 11 |
---------------+----------------------------------+-----
Unarmed Combat | 1 2 4 5 7 8 9 10 | 10.1
Fighting       | 2 4 5 6 7 |  7.7
Throwing       | 4 5 7 8 9 |  9.1
Dodging        | 2 4 5 6 7 |  7.8
Armour         | 1 3 5 |  5.1
Invocations    | 3 |  3.4
Stealth        | |  0.3

Action                   |  1- 3 |  4- 6 |  7- 9 | 10-12 || total
-------------------------+-------+-------+-------+-------++-------
Melee: Unarmed           |    87 |   202 |   352 |   492 ||  1133
       Punch             |     2 |     2 |    12 |    34 ||    50
Throw: Throwing net      |       |     1 |       |     6 ||     7
       Large rock        |       |       |       |    18 ||    18
       Javelin           |       |       |       |     6 ||     6
Invok: Heroism           |       |       |     4 |    12 ||    16
Evoke: Wand              |       |       |       |     3 ||     3
  Use: Scroll            |       |       |    10 |     8 ||    18
       Potion            |       |       |     2 |       ||     2
 Stab: Sleeping          |     1 |     1 |       |       ||     2
       Held in net/web   |       |     1 |       |     4 ||     5
  Eat: Chunk             |    14 |    16 |    41 |    35 ||   106
Armor: Robe              |    47 |    68 |    79 |    20 ||   214
       Troll leather arm |       |       |       |    96 ||    96
Dodge: Dodged            |    61 |    97 |   164 |   234 ||   556

Table legend:
 A = Spawn XP
 B = Non-spawn XP
 C = Spawn XP percentage of total XP
 D = Spawn monster count
 E = Non-spawn monster count
 F = Spawn count percentage of total count
 G = Total turns spent on level
                    A         B        C        D         E        F      G
               +---------+---------+-------+---------+---------+-------+---------
         Total |       0 |   23897 |   0.0 |       0 |     352 |   0.0 |  9643
               +---------+---------+-------+---------+---------+-------+---------
           D:1 |       0 |      36 |   0.0 |       0 |      23 |   0.0 |   667
           D:2 |       0 |     273 |   0.0 |       0 |      47 |   0.0 |  1187
           D:3 |       0 |     217 |   0.0 |       0 |      32 |   0.0 |   618
           D:4 |       0 |     326 |   0.0 |       0 |      13 |   0.0 |   834
           D:5 |       0 |     571 |   0.0 |       0 |      15 |   0.0 |   776
           D:6 |       0 |     722 |   0.0 |       0 |      23 |   0.0 |   422
           D:7 |       0 |    1138 |   0.0 |       0 |      15 |   0.0 |   846
           D:8 |       0 |    1717 |   0.0 |       0 |      39 |   0.0 |  1134
           D:9 |       0 |    5165 |   0.0 |       0 |      59 |   0.0 |  1055
          D:10 |       0 |    5753 |   0.0 |       0 |      46 |   0.0 |   964
          D:11 |       0 |    3402 |   0.0 |       0 |      24 |   0.0 |   846
          D:12 |       0 |    4577 |   0.0 |       0 |      16 |   0.0 |   294
               +---------+---------+-------+---------+---------+-------+---------
